 Dungeon Crawl Stone Soup version 0.26-a0-104-gef3e9dd61f (webtiles) character file.

Game seed: 4971805501890920253

141 Gargoyl the Skirmisher (level 5, -2/45 HPs)
             Began as a Centaur Abyssal Knight on June 22, 2020.
             Was a Follower of Lugonu.
             Slain by an orc wizard
             ... wielding a +0 dagger
              (4 damage)
             ... on level 3 of the Dungeon.
             The game lasted 00:03:17 (2492 turns).

Gargoyl the Skirmisher (Centaur Abyssal Knight)     Turns: 2492, Time: 00:03:18

Health: -2/45      AC:  7    Str: 14    XL:     5   Next: 3%
Magic:  7/7        EV:  7    Int: 11    God:    Lugonu [*.....]
Gold:   63         SH:  0    Dex: 12    Spells: 4/4 levels left

rFire    . . .     SeeInvis .   d - +0 battleaxe of Watchfulness {flame, +Inv rC+ Dex+2}
rCold    + . .     Gourm    .   (shield currently unavailable)
rNeg     . . .     Faith    .   i - +1 scale mail
rPois    .         Spirit   .   (no helmet)
rElec    .         Reflect  .   (no cloak)
rCorr    .         Harm     .   (no gloves)
MR       .....                  (no barding)
Stlth    ..........             (no amulet)
HPRegen  0.15/turn              (no ring)
MPRegen  0.10/turn              (no ring)

@: confused, very quick
A: large, hooves 3, deformed body, speed 2, tough skin 3
a: Depart the Abyss, Renounce Religion, Evoke Invisibility


You were on level 3 of the Dungeon.
You worshipped Lugonu.
Lugonu was aware of your devotion.
You were not hungry.

You visited 1 branch of the dungeon, and saw 3 of its levels.
You visited the Abyss 1 time.

You collected 63 gold pieces.

Inventory:

Hand Weapons
 a - a +1 hand axe
 d - the +0 battleaxe of Watchfulness (weapon) {flame, +Inv rC+ Dex+2}
   (You found it on level 2 of the Abyss)

   It has been specially enchanted to burn those struck by it, causing extra
   injury to most foes and up to half again as much damage against particularly
   susceptible opponents.
   Big, fiery blades are also staple armaments of hydra-hunters.
   It affects your dexterity (+2).
   It protects you from cold.
   It lets you turn invisible.
Armour
 i - a +1 scale mail (worn)
Jewellery
 e - an uncursed ring of wizardry {unknown}
Scrolls
 h - a scroll of identify
Potions
 b - a potion of magic
Comestibles
 c - 8 rations
 g - 4 chunks of flesh


   Skills:
 + Level 3.5 Fighting
 + Level 2.6 Axes
 * Level 2.4 Armour
 * Level 1.5 Dodging
 * Level 2.8 Invocations


You had 4 spell levels left.
You didn't know any spells.
Your spell library was empty.

Dungeon Overview and Level Annotations

Branches:
Dungeon (3/15)

Altars:
Elyvilon
Nemelex Xobeh


Innate Abilities, Weirdness & Mutations

You have hooves in place of feet.
Armour fits poorly on your strangely shaped body.
You cover ground very quickly.
You have extremely tough skin. (AC +3)


Message History

You hear some strange, mumbled words.
Something tries to affect you, but you resist.
The orc priest invokes the aid of Beogh against you.
Beogh smites you!
* * * LOW HITPOINT WARNING * * *
Something hits you but does no damage.
It was a potion of magic.
Magic courses through your body. Something hits you but does no damage.
You closely miss something.
You hear some strange, mumbled words.
You are confused.
The orc priest calls down the wrath of Beogh upon you.
Beogh smites you!
* * * LOW HITPOINT WARNING * * *
Something hits you.
* * * LOW HITPOINT WARNING * * *
You closely miss something. Your kick misses something.
Something hits you but does no damage.
You closely miss something. Something hits you.
You die...

## # ..# ### .
##.## #.# .##...##
#[### ##.....##
####...#
#.......###....#.#
...._.....#.####@#
#.......#....# #{#
##.....##....# #o#
.##...##..##.# #.#
####.##...##.# #..
###..........# #.#
..........##.# #.#
#............# #.#
#...##.........


You could see an orc priest.

Vanquished Creatures
  2 orc wizards (D:2)
  3 adders (D:2)
  2 dart slugs
  2 leopard geckos (D:1)
  4 orcs
  3 bats
  5 giant cockroaches
  6 goblins
  4 hobgoblins
  5 kobolds
  2 ball pythons
  10 frilled lizards
  2 rats
50 creatures vanquished.

Notes
Turn   | Place    | Note
-------+----------+-------------------------------------------
     0 | Abyss:1  | Gargoyl the Centaur Abyssal Knight began the quest for the
                  | Orb.
     0 | Abyss:1  | Reached XP level 1. HP: 19/19 MP: 2/2
    62 | Abyss:1  | Noticed a profane servitor
    86 | Abyss:2  | Got a shimmering battleaxe
    87 | Abyss:2  | Identified the cursed +0 battleaxe of Watchfulness {flame,
                  | +Inv rC+ Dex+2} (You found it on level 2 of the Abyss)
   103 | Abyss:2  | Noticed a ynoxinul
   106 | Abyss:2  | Noticed a flying skull
   108 | D:1      | Escaped the Abyss
   305 | D:1      | Reached * piety under Lugonu
   319 | D:1      | Reached XP level 2. HP: 24/26 MP: 3/3
  1011 | D:1      | Reached XP level 3. HP: 30/31 MP: 4/4
  1320 | D:2      | Reached skill level 1 in Dodging
  1550 | D:2      | Reached XP level 4. HP: 35/38 MP: 5/5
  2095 | D:2      | Found a sparkling altar of Nemelex Xobeh.
  2431 | D:3      | Reached XP level 5. HP: 41/45 MP: 7/7
  2453 | D:3      | Found a white marble altar of Elyvilon.
  2490 | D:3      | HP: 2/45 [orc priest/divine providence (11)]
  2492 | D:3      | Slain by an orc wizard

Illustrated notes

Levels and vault maps discovered:
D:1:      psy_arrival_statuary, layout_rooms, minmay_misc_feat_columns,
          minmay_crystal_room, interstate_on_off, minmay_lizard_pond
D:2:      layout_loops_ring, first_ration, eino_curves_03,
          nemelex_diamond_rough_becter
D:3:      layout_basic, lemuel_round_altar

Skill      XL: |  1  2  3 |
---------------+----------+-----
Axes           | 2 |  2.6
Dodging        | 1 |  1.5
Armour         | 2 |  2.4
Fighting       | |  3.5
Invocations    | |  2.8

Action                   |  1- 3 |  4- 6 || total
-------------------------+-------+-------++-------
Melee: Battleaxe         |   106 |    46 ||   152
       Kick              |    17 |    10 ||    27
Invok: Depart the Abyss  |     1 |       ||     1
  Use: Scroll            |     3 |     3 ||     6
       Potion            |     3 |     1 ||     4
  Eat: Chunk             |     2 |     2 ||     4
Armor: Leather armour    |     2 |       ||     2
       Scale mail        |    68 |    35 ||   103
       Skin              |    13 |       ||    13
Dodge: Dodged            |    56 |    18 ||    74

Table legend:
 A = Non-vault XP
 B = Vault XP
 C = Vault XP percentage of total XP
 D = Non-vault monster count
 E = Vault monster count
 F = Vault count percentage of total count
                 A         B        C        D         E       F
            +---------+---------+-------+---------+---------+-------
      Total |     198 |       4 |   2.0 |      46 |       4 |   8.0
            +---------+---------+-------+---------+---------+-------
        D:1 |      39 |       4 |   9.3 |      21 |       4 |  16.0
        D:2 |     151 |       0 |   0.0 |      22 |       0 |   0.0
        D:3 |       8 |       0 |   0.0 |       3 |       0 |   0.0
            +---------+---------+-------+---------+---------+-------
